 Dungeon Crawl Stone Soup version 0.30.0 (webtiles) character file.

Game seed: 10518805092719663982

128 SeerSkye the Cutter (level 4, -3/21 HPs)
             Began as a Spriggan Enchanter on May 6, 2023.
             Slain by Natasha (5 damage)
             ... on level 1 of the Dungeon.
             The game lasted 00:10:08 (1528 turns).

SeerSkye the Cutter (Spriggan Enchanter)            Turns: 1528, Time: 00:10:08

Health: -3/21      AC:  2    Str:  4    XL:     4   Next: 86%
Magic:  0/9        EV: 17    Int: 16    God:
Gold:   57         SH:  0    Dex: 17    Spells: 0/8 levels left

rFire   . . .        f - +1 dagger (vamp)
rCold   . . .        (no shield)
rNeg    . . .        b - +0 robe
rPois   .            (helmet restricted)
rElec   .            (no cloak)
rCorr   .            (gloves unavailable)
SInv    +            (boots unavailable)
Will    .....        g - amulet of guardian spirit
Stlth   +++          (no ring)
HPRegen 0.23/turn    (no ring)
MPRegen 0.11/turn

%: guardian spirit
@: very quick
A: very small, no large weapons, unfitting armour, see invisible, speed 3
a: no special abilities


You were on level 1 of the Dungeon.
You visited 1 branch of the dungeon, and saw 2 of its levels.

You collected 57 gold pieces.

Inventory:

Hand Weapons
 a - a +1 dagger
 f - a +1 vampiric dagger (weapon)
Missiles
 l - an atropa-tipped dart (quivered)
 m - 4 poisoned darts
Armour
 b - a +0 robe (worn)
Jewellery
 g - an amulet of guardian spirit (around neck)
Scrolls
 d - a scroll of amnesia {unknown}
 h - a scroll of enchant armour {unknown}
 i - a scroll of enchant weapon {unknown}
 j - a scroll of poison {unknown}
 k - 2 scrolls of identify {unknown}
Potions
 c - a potion of invisibility


   Skills:
 * Level 5.0 Short Blades
 - Level 2.6 Dodging
 - Level 4.4 Stealth
 - Level 2.6 Spellcasting
 + Level 4.0 Hexes


You couldn't memorise any spells.
You knew the following spells:

 Your Spells              Type           Power      Damage    Failure   Level
a - Confusing Touch       Hex            15%        N/A       11%         3
b - Ensorcelled Hibernat  Hex/Ice        16%        N/A       13%         2
c - Tukima's Dance        Hex            15%        N/A       11%         3

Your spell library contained the following spells:

 Spells                   Type           Power      Damage    Failure   Level
 Dazzling Flash           Conj/Hex       16%        N/A       26%         3
 Vhi's Electric Charge    Tloc/Air       4%         N/A       50%         3
 Arcjolt                  Conj/Air       1%         1d11      99%         5
 Maxwell's Capacitive Co  Air            1%         ∞         100%        8


Dungeon Overview and Level Annotations

Branches:
Dungeon (2/15) Zot: 10919

Altars:

Annotations:
D:1 Natasha
D:2 Terence


Innate Abilities, Weirdness & Mutations

You are very small and have problems with some larger weapons.
You are too small for most types of armour.
You have supernaturally acute eyesight. (SInv)
You cover ground extremely quickly. (Speed+++)


Message History

You climb downwards.
Level annotation: Natasha, Terence Natasha stares at you and mumbles some strange words.
You easily resist.
There is a stone staircase leading up here.
Natasha closely misses you.
You climb upwards.
There is a stone staircase leading down here.
You completely miss Natasha.
Natasha casts a spell.
You barely miss Natasha. You closely miss Natasha. Natasha claws you.
The cerulean imp hits you from afar with a +2 spear.
You hit Natasha but do no damage. Natasha claws you.
The cerulean imp completely misses you.
You hit Natasha.
You feel better.
Natasha is lightly wounded.
You hit Natasha.
Natasha is moderately wounded.
Natasha closely misses you.
The cerulean imp hits you from afar with a +2 spear.
You hit Natasha but do no damage.
Natasha is moderately wounded.
Natasha claws you.
* * * LOW HITPOINT WARNING * * *
The cerulean imp barely misses you.
You closely miss Natasha.
Natasha is moderately wounded.
Natasha wildly gestures.
Natasha shimmers violently.
Natasha stares at you and mumbles some strange words.
The magic dart hits you!
* * * LOW HITPOINT WARNING * * *
The cerulean imp closely misses you.
You completely miss Natasha.
Natasha is moderately wounded.
You hit Natasha but do no damage.
Natasha is moderately wounded.
Natasha claws you.
You die...

### #######.##.## #..#
..#####.......##.# #..#
#.......#..#####.# #..#
..#####....# #.# #..#
.#### ##.#.#####.######
####..# ....#
#..............# #......
.##.# ##....###......#
#.##... .##.#
##.#.########.#####.##...
.##.#
###)##.@h5..............
.##.#
#.##.#####.##.##.####.
.##.# #.##.# #.#...#.# #.
.##.# #.##.# #.#.#...# #.
.##.# #.##.#
#...#...####. >##.#
#.##.# #.#####......
###.# ####.##.#
#...#....###. ....#
#....##.#######.#..#.# #.
#####
#.#####............#.###.


You could see Natasha and a cerulean imp (summoned).

Vanquished Creatures
  Jessica (D:2)
  Natasha (twice) (D:2)
  3 adders (D:2)
  5 ball pythons
  2 bats (D:2)
  4 endoplasms
  A giant cockroach (D:2)
  3 goblins
  2 hobgoblins
  A quokka (D:2)
  A kobold (D:2)
  4 rats (D:2)
29 creatures vanquished.

Vanquished Creatures (others)
  A plant (D:1)
1 creature vanquished.

Grand Total: 30 creatures vanquished

Notes
Turn   | Place    | Note
-------+----------+-------------------------------------------
     0 | D:1      | SeerSkye the Spriggan Enchanter began the quest for the
                  | Orb.
     0 | D:1      | Reached XP level 1. HP: 9/9 MP: 5/5
   195 | D:1      | Found a faded altar of an unknown god.
   217 | D:1      | Reached skill level 2 in Short Blades
   592 | D:1      | Reached XP level 2. HP: 13/13 MP: 4/6
   791 | D:2      | Noticed Natasha
   832 | D:2      | Killed Natasha
   833 | D:2      | Reached skill level 3 in Short Blades
   833 | D:2      | Reached XP level 3. HP: 8/16 MP: 2/8
   937 | D:2      | Noticed Jessica
   963 | D:2      | Killed Jessica
   964 | D:2      | Reached skill level 4 in Short Blades
   964 | D:2      | Reached XP level 4. HP: 12/21 MP: 1/9
  1101 | D:2      | Learned a level 3 spell: Confusing Touch
  1104 | D:2      | Learned a level 2 spell: Ensorcelled Hibernation
  1109 | D:2      | Learned a level 3 spell: Tukima's Dance
  1172 | D:2      | Noticed Terence
  1382 | D:2      | Noticed Natasha
  1422 | D:2      | Killed Natasha
  1423 | D:2      | Reached skill level 5 in Short Blades
  1433 | D:2      | Noticed Natasha
  1526 | D:1      | HP: 1/21 [Natasha/magic dart (7)]
  1528 | D:1      | Slain by Natasha

Illustrated notes

Levels and vault maps discovered:
D:1:      wander_arrival_desolate, layout_loops_ring,
          shapermc_ecumenical_altar_acropolis
D:2:      layout_rooms, minmay_misc_feat_diagonals, chequers_hall_statues_y,
          uniq_terence, uniq_jessica, uniq_natasha

Skill      XL: |  1  2  3  4 |
---------------+-------------+-----
Short Blades   | 2 3 4 5 |  5.0
Hexes          | 4 |  4.0
Dodging        | |  2.6
Stealth        | |  4.4
Spellcasting   | |  2.6

Action                     |  1- 3 |  4- 6 || total
---------------------------+-------+-------++-------
  Melee: Dagger            |    59 |    84 ||   143
  Throw: Dart              |     2 |       ||     2
   Cast: Ensorcelled Hiber |       |     2 ||     2
    Use: Potion            |     1 |     1 ||     2
   Stab: Sleeping          |     2 |     4 ||     6
 Armour: Robe              |     9 |     3 ||    12
  Dodge: Dodged            |    67 |    60 ||   127
